 Dungeon Crawl Stone Soup version 0.20.1-1-g8b1a95d (webtiles) character file.

235 dvd the Vexing (level 5, 0/28 HPs)
             Began as a Deep Elf Enchanter on Sept 11, 2017.
             Was an Initiate of Sif Muna.
             Slain by Patate's ghost (5 damage)
             ... on level 4 of the Dungeon.
             The game lasted 00:11:22 (3860 turns).

dvd the Vexing (Deep Elf Enchanter)                 Turns: 3860, Time: 00:11:23

Health: 0/28       AC:  3    Str:  5    XL:     5   Next: 76%
Magic:  11/14      EV:  2    Int: 21    God:    Sif Muna [......]
Gold:   127        SH:  0    Dex: 15    Spells: 4/13 levels left

rFire    . . .     SeeInvis .   a - +1 dagger
rCold    . . .     Gourm    .   (no shield)
rNeg     + + +     Faith    .   b - +0 robe
rPois    ∞         Spirit   .   (no helmet)
rElec    .         Reflect  .   e - +0 cloak
rCorr    .         Harm     .   (no gloves)
MR       .....                  (no boots)
Stlth    +++.......             (no amulet)
Regen    0.1/turn               (no ring)
MPRegen  0.2/turn               (no ring)

@: petrified
A: no striking features
a: Renounce Religion


You were on level 4 of the Dungeon.
You worshipped Sif Muna.
Sif Muna was noncommittal.
You were not hungry.

You visited 1 branch of the dungeon, and saw 4 of its levels.

You collected 127 gold pieces.

Inventory:

Hand Weapons
 a - a +1 dagger (weapon)
 m - a +1 vampiric short sword
Armour
 b - a +0 robe (worn)
 e - a +0 cloak (worn)
 p - a +0 buckler
Jewellery
 n - an uncursed ring of fire
 q - an uncursed amulet of guardian spirit
Scrolls
 h - a scroll of noise {unknown}
 i - 5 scrolls of recharging {unknown}
 j - 3 scrolls of remove curse {unknown}
 k - a scroll of teleportation {unknown}
 o - a scroll of magic mapping {unknown}
Potions
 f - 2 potions of haste {unknown}
 g - a potion of lignification {unknown}
 l - 8 potions of curing {unknown}
 r - a potion of mutation {unknown}
 v - 2 potions of might {unknown}
Books
 c - a book of Maledictions

   Spells                             Type                      Level
   a - Corona                         Hexes                        1
   b - Ensorcelled Hibernation        Hexes/Ice                    2
   c - Confuse                        Hexes                        3
   d - Tukima's Dance                 Hexes                        3
   e - Dazzling Spray                 Conjuration/Hexes            3
Comestibles
 d - 2 bread rations
 s - 2 royal jellies
 t - a meat ration
 u - 5 chunks of flesh


   Skills:
 + Level 0.4 Fighting
 + Level 1.4 Short Blades
 + Level 2.8 Dodging
 + Level 5.2 Stealth
 + Level 4.8 Spellcasting
 + Level 5.3 Hexes
 + Level 2.1 Ice Magic


You had 4 spell levels left.
You knew the following spells:

 Your Spells              Type           Power        Failure   Level  Hunger
a - Corona                Hex            ####...      1%          1    None
b - Ensorcelled Hibernat  Hex/Ice        ###...       3%          2    None
c - Confuse               Hex            ####....     3%          3    ##.....
d - Dazzling Spray        Conj/Hex       ###...       11%         3    ##.....


Dungeon Overview and Level Annotations

Branches:
Dungeon (4/15)
 Temple: D:4-7

Altars:
Ashenzari
Dithmenos
Qazlal
Sif Muna
Uskayaw
Yredelemnul

Annotations:
D:3 2 transporters
D:4 Patate's ghost, amateur HOCK


Message History

Patate's ghost hits you. Patate's ghost freezes you.
Your limbs are stiffening.
Okay, then.
Unknown command.
Casting: Confuse
Confirm with . or Enter, or press ? or * to list all spells.
Aiming: Confuse
Press: ? - help, Shift-Dir - straight line, f/p - Patate's ghost
Aim: Patate's ghost, wielding a weapon of chaos (moderately damaged, chance to defeat MR: 38%) Patate's ghost resists with some effort.
Patate's ghost barely misses you.
You have turned to stone.
Patate's ghost hits you! Patate's ghost freezes you. Patate's ghost hits you!
* * * LOW HITPOINT WARNING * * *
Patate's ghost burns you.
* * * LOW HITPOINT WARNING * * *
Patate's ghost hits you.
* * * LOW HITPOINT WARNING * * *
Patate's ghost freezes you. Patate's ghost hits you!
You die...

#.. ## .#.##
#..### .#
....###
#...###.###.....
#.<.........%
###...####)#
##.......######
##.###.....<.#
#.# ##.####.#
#.# #@# #.# #W#
#.. #.# ##. #.#
# ..# .## .. ..
...


You could see Patate's ghost.

Vanquished Creatures
  A bullfrog (D:3)
  2 orc wizards (D:3)
  2 adders
  A gnoll (D:1)
  A worm (D:2)
  3 dart slugs
  2 leopard geckos (D:2)
  4 orcs (D:3)
  3 ball pythons
  7 giant cockroaches
  4 hobgoblins
  6 jackals
  9 kobolds
  7 bats
  4 frilled lizards
  10 goblins
  8 rats
74 creatures vanquished.

Notes
Turn   | Place    | Note
-------+----------+-------------------------------------------
     0 | D:1      | dvd the Deep Elf Enchanter began the quest for the Orb.
     0 | D:1      | Reached XP level 1. HP: 10/10 MP: 6/6
   243 | D:1      | Reached XP level 2. HP: 15/15 MP: 6/8
   254 | D:1      | Learned a level 2 spell: Ensorcelled Hibernation
  1240 | D:2      | Found a shattered altar of Ashenzari.
  1389 | D:2      | Reached XP level 3. HP: 19/19 MP: 7/10
  1452 | D:2      | Learned a level 3 spell: Confuse
  1456 | D:2      | Learned a level 3 spell: Dazzling Spray
  1961 | D:2      | Noticed a hand axe
  1961 | D:2      | Found a hide-covered altar of Uskayaw.
  1962 | D:2      | Noticed a dagger
  2231 | D:2      | Found a deep blue altar of Sif Muna.
  2232 | D:2      | Reached skill level 1 in Ice Magic
  2244 | D:2      | Became a worshipper of Sif Muna the Loreminder
  2480 | D:1      | Reached XP level 4. HP: 24/24 MP: 5/11
  2697 | D:2      | Found a faded altar of an unknown god.
  2757 | D:3      | Found a stormy altar of Qazlal.
  3226 | D:3      | Reached skill level 5 in Hexes
  3226 | D:3      | Reached XP level 5. HP: 21/28 MP: 8/13
  3461 | D:3      | Found a transporter.
  3461 | D:3      | Found a transporter.
  3465 | D:3      | Found a shadowy altar of Dithmenos.
  3466 | D:3      | Found a basalt altar of Yredelemnul.
  3611 | D:3      | Reached skill level 5 in Stealth
  3839 | D:4      | Noticed Patate's ghost (amateur HOCK)
  3860 | D:4      | Slain by Patate's ghost

Skill      XL: |  1  2  3  4  5 |
---------------+----------------+-----
Stealth        | 4 5 |  5.2
Ice Magic      | 1 2 |  2.1
Spellcasting   | 4 |  4.8
Hexes          | 5 |  5.3
Fighting       | |  0.4
Short Blades   | |  1.4
Dodging        | |  2.8

Action                   |  1- 3 |  4- 6 || total
-------------------------+-------+-------++-------
Melee: Dagger            |    86 |    91 ||   177
 Cast: Corona            |    10 |     2 ||    12
       Ensorcelled Hiber |    56 |    36 ||    92
       Dazzling Spray    |     2 |     2 ||     4
       Confuse           |       |     4 ||     4
 Stab: Sleeping          |    32 |    25 ||    57
       Confused          |       |     1 ||     1
  Eat: Chunk             |     6 |     6 ||    12
Armor: Robe              |    24 |    15 ||    39
Dodge: Dodged            |    52 |    46 ||    98
